 Dungeon Crawl Stone Soup version 0.30-a0-578-gdee14c521f (webtiles) character file.

Game seed: 3714411952864349757

42 Sabo the Trooper (level 3, 0/49 HPs)
             Began as an Armataur Berserker on Dec 31, 2022.
             Was a Believer of Trog.
             Slain by Sigmund
             ... wielding a +0 scythe
              (1 damage)
             ... on level 2 of the Dungeon.
             The game lasted 00:05:35 (967 turns).

Sabo the Trooper (Armataur Berserker)                Turns: 967, Time: 00:05:35

Health: 0/49       AC:  6    Str: 24    XL:     3   Next: 35%
Magic:  3/3        EV:  8    Int:  7    God:    Trog [**....]
Gold:   89         SH:  0    Dex:  9    Spells: 2/2 levels left

rFire   . . .      SeeInvis .    h - +2 hand axe (freeze)
rCold   . . .      Faith    .    (no shield)
rNeg    . . .      Spirit   .    a - +0 scale mail
rPois   .          Reflect  .    (no helmet)
rElec   .          Harm     .    (no cloak)
rCorr   .          Roll     +    (no gloves)
Will    .....                    (no barding) Stlth
                                 (no amulet)
HPRegen 0.28/turn                (no ring)
MPRegen 0.08/turn                (no ring)

@: berserking, very quick
A: large, rugged brown scales 3, deformed body, armoured tail, roll, long
tongue, awkward tongue
a: Renounce Religion, Berserk, Trog's Hand


You were on level 2 of the Dungeon.
You worshipped Trog.
Trog was pleased with you.
You visited 1 branch of the dungeon, and saw 2 of its levels.

You collected 89 gold pieces.

Inventory:

Hand Weapons
 h - a +2 hand axe of freezing (weapon)
Missiles
 g - 5 poisoned darts (quivered)
Armour
 a - a +0 scale mail (worn)
Scrolls
 c - a scroll of vulnerability {unknown}
Potions
 d - a potion of invisibility {unknown}
 f - a potion of heal wounds {unknown}


   Skills:
 + Level 3.2 Fighting
 + Level 3.1 Axes
 + Level 2.6 Armour
 + Level 1.6 Dodging


You had 2 spell levels left.
You didn't know any spells.
Your spell library was empty.

Dungeon Overview and Level Annotations

Branches:
Dungeon (2/15)

Altars:

Annotations:
D:2 Sigmund


Innate Abilities, Weirdness & Mutations

You are completely covered in rugged brown scales. (AC +3, +7% HP)
Armour fits poorly on your strangely shaped body.
You have a long armoured tail.
You roll when moving toward enemies. (Rampage)
Your long tongue fully drains potion bottles. (2x potion effects)
Your tongue gives you trouble enunciating. (1.5x scroll delay)


Message History

HP restored.
There is an escape hatch in the ceiling here.
A bat comes into view.
You roll towards the bat!
The bat hits you but does no damage. The bat hits you.
You hit the bat but do no damage. The bat hits you but does no damage.
The bat closely misses you.
You slash the bat! You freeze the bat.
You kill the bat!
Trog accepts your kill.
You see here a bat corpse.
You open the door.
Sigmund the Dreaded comes into view.
He is wielding a +0 scythe.
Sigmund shouts!
There is an open door here.
Sigmund casts a spell.
Sigmund flickers and vanishes!
Deactivating autopickup; reactivate with Ctrl-A.
Something hits you.
There is an open door here.
Something completely misses you.
You barely miss something. You hit something. You freeze something.
Your tail-slap misses something.
Something hits you.
You closely miss something. Something hits you.
You barely miss something. Something hits you!
You slash something! You freeze something.
Your tail-slap misses something.
You hit something. You freeze something. Something hits you.
A red film seems to cover your vision as you go berserk!
You feel yourself moving faster!
You feel mighty! Something hits you.
* * * LOW HITPOINT WARNING * * *
You completely miss something.
Your tail-slap misses something.
You closely miss something. Something hits you!
* * * LOW HITPOINT WARNING * * *
You hit something. You freeze something. You barely miss something.
Something hits you.
* * * LOW HITPOINT WARNING * * *
You closely miss something. You closely miss something. Something hits you.
You die...

#.........#
+.........+
#.........#
#.......#
#.....#
##...##
##'## #{#
#@# ##.##
##...##
#..†..#####
#..........
#.#.#######
...#.#
#.###.# ##
#.#


There were no monsters in sight!

Vanquished Creatures
  4 ball pythons
  3 endoplasms (D:1)
  2 giant cockroaches (D:1)
  3 goblins (D:1)
  4 hobgoblins (D:1)
  4 jackals (D:1)
  5 kobolds (D:1)
  A quokka (D:1)
  6 bats
  3 frilled lizards (D:1)
35 creatures vanquished.

Notes
Turn   | Place    | Note
-------+----------+-------------------------------------------
     0 | D:1      | Sabo the Armataur Berserker began the quest for the Orb.
     0 | D:1      | Reached XP level 1. HP: 19/19 MP: 1/1
   107 | D:1      | Reached XP level 2. HP: 26/26 MP: 2/2
   465 | D:1      | Reached ** piety under Trog
   466 | D:1      | Reached XP level 3. HP: 32/33 MP: 3/3
   945 | D:2      | Noticed Sigmund
   965 | D:2      | HP: 1/49 [something (5)]
   967 | D:2      | Slain by Sigmund

Illustrated notes

Levels and vault maps discovered:
D:1:      evilmike_arrival_home_sweet_home, layout_loops_ring
D:2:      layout_loops_corners, minmay_rat_gold_closets, uniq_sigmund,
          uniq_crazy_yiuf_cottage, uniq_jessica, uniq_terence

Skill      XL: |  1  2 |
---------------+-------+-----
Fighting       | 3 |  3.2
Axes           | 3 |  3.1
Armour         | |  2.6
Dodging        | |  1.6

Action                   || total
-------------------------++-------
Melee: Hand axe          ||   101
       Tailslap          ||     4
Invok: Berserk           ||     1
 Stab: Sleeping          ||     1
Armor: Animal skin       ||    45
       Scale mail        ||     5
Dodge: Dodged            ||    61

Table legend: (Time is in decaauts)
 A = Elapsed time spent in this place.
 B = Non-inter-level travel time spent in this place.
 C = Inter-level travel time spent in this place.
 D = Time resting spent in this place.
 E = Time spent auto-exploring this place.
 F = Levels seen in this place.
 G = Mean time per level.
                   A        B        C        D        E       F      G
               +--------+--------+--------+--------+--------+-----+--------+
         Total |    979 |    979 |      0 |    111 |      0 |   2 |  489.5 |
       Dungeon |    979 |    979 |      0 |    111 |      0 |   2 |  489.5 |
               +--------+--------+--------+--------+--------+-----+--------+

Top non-repeatable levels by time:
     D:1: 910 daAuts
     D:2: 68 daAuts
